APP
PULASKI YANKEES @ GREAT FALLS VOYAGERS
09/14/2048
 
TOP OF THE 1ST
Pulaski Yankees batting - Pitching for Great Falls Voyagers : RHP Ryan Burson
Pitching: RHP Ryan Burson
Batting: LHB Chris Viehman 0-0: Ball
1-0: Ball
2-0: Ball
3-0: Called Strike
3-1: Base on Balls
Batting: LHB Justin Short 0-0: Called Strike
0-1: Ball
1-1: SINGLE (Groundball, 34D, EV 104.4 MPH)
Chris Viehman to second
Runner from 2nd tries for 3rd, SAFE, throw by RF made to third
Justin Short to second
Batting: RHB Michael Patterson 0-0: Ball
1-0: Ball
2-0: Foul Ball, location: 2F
2-1: Foul Ball, location: 2F
2-2: Strikes out swinging
Batting: RHB Yasuoka Tsuda 0-0: Called Strike
0-1: Ball
1-1: Foul Ball, location: 2F
1-2: Ball
2-2: Strikes out swinging
Batting: SHB Dylan Best 0-0: Called Strike
0-1: Ground out 4-3 (Groundball, 4M, EV 96.9 MPH)
Top of the 1st over - 0 runs, 1 hit, 0 errors, 2 left on base; Pulaski 0 - Great Falls 0
BOTTOM OF THE 1ST
Great Falls Voyagers batting - Pitching for Pulaski Yankees : LHP Alex Ramirez
Pitching: LHP Alex Ramirez
Batting: RHB Andy Cotton 0-0: Ball
1-0: Foul Ball, location: 2F
1-1: Foul Ball, location: 2F
1-2: Foul Ball, location: 2F
1-2: Ball
2-2: Ball
3-2: Ground out U3 (Groundball, 34, EV 90.6 MPH)
Batting: RHB Enrique Gomez 0-0: Foul Ball, location: 2F
0-1: Swinging Strike
0-2: Strikes out swinging, 2-3 out at first.
Batting: SHB Rob Haney 0-0: Ball
1-0: SINGLE (Groundball, 56, EV 103.8 MPH) (infield hit)
Batting: RHB Billy Grubbs 0-0: Ball
1-0: Ball
2-0: Called Strike
2-1: Foul Ball, location: 2F
2-2: Strikes out looking
Bottom of the 1st over - 0 runs, 1 hit, 0 errors, 1 left on base; Pulaski 0 - Great Falls 0
TOP OF THE 2ND
Pulaski Yankees batting - Pitching for Great Falls Voyagers : RHP Ryan Burson
Batting: RHB Victor Garcia 0-0: Foul Ball, location: 2F
0-1: Swinging Strike
0-2: Ball
1-2: Strikes out swinging
Batting: RHB Mustafa bin Gamali 0-0: Ball
1-0: Swinging Strike
1-1: Ball
2-1: Ball
3-1: Called Strike
3-2: Strikes out looking
Batting: RHB Edwin Sierra 0-0: Ball
1-0: Ball
2-0: Called Strike
2-1: Ball
3-1: Foul Ball, location: 2F
3-2: Strikes out looking
Top of the 2nd over - 0 runs, 0 hits, 0 errors, 0 left on base; Pulaski 0 - Great Falls 0
BOTTOM OF THE 2ND
Great Falls Voyagers batting - Pitching for Pulaski Yankees : LHP Alex Ramirez
Batting: RHB Mitch Cuadros 0-0: Ball
1-0: Ball
2-0: Called Strike
2-1: Ball
3-1: Foul Ball, location: 2F
3-2: Ground out 6-3 (Groundball, 56, EV 100.0 MPH)
Batting: RHB Francisco Marin 0-0: Swinging Strike
0-1: Ball
1-1: Ball
2-1: Ball
3-1: Called Strike
3-2: Base on Balls
Batting: RHB David Laureano 0-0: Called Strike
0-1: Ball
1-1: Foul Ball, location: 2F
1-2: Strikes out swinging
Batting: LHB Jose Pereyra 0-0: Called Strike
0-1: Ball
1-1: Foul Ball, location: 2F
1-2: Strikes out swinging
Bottom of the 2nd over - 0 runs, 0 hits, 0 errors, 1 left on base; Pulaski 0 - Great Falls 0
TOP OF THE 3RD
Pulaski Yankees batting - Pitching for Great Falls Voyagers : RHP Ryan Burson
Batting: RHB Arturo Gomez 0-0: Called Strike
0-1: Swinging Strike
0-2: Foul Ball, location: 2F
0-2: Ground out 4-3 (Groundball, 13, EV 77.5 MPH)
Batting: LHB Chris Viehman 0-0: Foul Ball, location: 2F
0-1: Ball
1-1: Swinging Strike
1-2: Strikes out swinging
Batting: LHB Justin Short 0-0: Ball
1-0: Ball
2-0: Called Strike
2-1: Ball
3-1: Called Strike
3-2: Strikes out looking
Top of the 3rd over - 0 runs, 0 hits, 0 errors, 0 left on base; Pulaski 0 - Great Falls 0
BOTTOM OF THE 3RD
Great Falls Voyagers batting - Pitching for Pulaski Yankees : LHP Alex Ramirez
Batting: RHB David Cortez 0-0: Ground out U3 (Groundball, 3, EV 91.9 MPH)
Batting: RHB Andy Cotton 0-0: Fly out, F2 (Popup, 25F, EV 78.1 MPH)
Batting: RHB Enrique Gomez 0-0: Ball
1-0: Swinging Strike
1-1: Ball
2-1: DOUBLE (Line Drive, 7LS, EV 96.2 MPH)
Batting: SHB Rob Haney 0-0: Foul Ball, location: 2F
0-1: Fly out, F7 (Flyball, 78D, EV 100.0 MPH)
Bottom of the 3rd over - 0 runs, 1 hit, 0 errors, 1 left on base; Pulaski 0 - Great Falls 0
TOP OF THE 4TH
Pulaski Yankees batting - Pitching for Great Falls Voyagers : RHP Ryan Burson
Batting: RHB Michael Patterson 0-0: Ball
1-0: Swinging Strike
1-1: Ball
2-1: DOUBLE (Groundball, 5L, EV 109.4 MPH)
Batting: RHB Yasuoka Tsuda 0-0: Called Strike
0-1: Ball
1-1: Foul Ball, location: 2F
1-2: Ball
2-2: Strikes out swinging
Batting: SHB Dylan Best 0-0: Swinging Strike
0-1: Foul Ball, location: 2F
0-2: Strikes out swinging
Batting: RHB Victor Garcia 0-0: Called Strike
0-1: Called Strike
0-2: Strikes out swinging
Top of the 4th over - 0 runs, 1 hit, 0 errors, 1 left on base; Pulaski 0 - Great Falls 0
BOTTOM OF THE 4TH
Great Falls Voyagers batting - Pitching for Pulaski Yankees : LHP Alex Ramirez
Batting: RHB Billy Grubbs 0-0: Ball
1-0: Ball
2-0: SINGLE (Line Drive, 6M, EV 97.5 MPH)
Batting: RHB Mitch Cuadros 0-0: Ball
1-0: Called Strike
1-1: Called Strike
Billy Grubbs steals 2nd base
1-2: DOUBLE (Groundball, 5L, EV 94.4 MPH)
Billy Grubbs scores
Batting: RHB Francisco Marin 0-0: Swinging Strike
0-1: Ball
1-1: Swinging Strike
1-2: Ball
2-2: Strikes out swinging
Batting: RHB David Laureano 0-0: Ball
1-0: Ground out 5-3 (Groundball, 56, EV 88.1 MPH)
Batting: LHB Jose Pereyra 0-0: Swinging Strike
0-1: Foul Ball, location: 2F
0-2: Strikes out swinging
Bottom of the 4th over - 1 run, 2 hits, 0 errors, 1 left on base; Pulaski 0 - Great Falls 1
TOP OF THE 5TH
Pulaski Yankees batting - Pitching for Great Falls Voyagers : RHP Ryan Burson
Batting: RHB Mustafa bin Gamali 0-0: Swinging Strike
0-1: Called Strike
0-2: Strikes out looking
Batting: RHB Edwin Sierra 0-0: Called Strike
0-1: Foul Ball, location: 2F
0-2: Ball
1-2: Strikes out swinging
Batting: RHB Arturo Gomez 0-0: Called Strike
0-1: Ground out 6-3 (Groundball, 6, EV 85.6 MPH)
Top of the 5th over - 0 runs, 0 hits, 0 errors, 0 left on base; Pulaski 0 - Great Falls 1
BOTTOM OF THE 5TH
Great Falls Voyagers batting - Pitching for Pulaski Yankees : LHP Alex Ramirez
Batting: RHB David Cortez 0-0: Ball
1-0: Ball
2-0: Called Strike
2-1: Ground out 5-3 (Groundball, 56S, EV 80.6 MPH)
Batting: RHB Andy Cotton 0-0: Ground out 1-3 (Groundball, 15S, EV 70.6 MPH)
Batting: RHB Enrique Gomez 0-0: Ball
1-0: Ball
2-0: Swinging Strike
2-1: Called Strike
2-2: Strikes out looking
Bottom of the 5th over - 0 runs, 0 hits, 0 errors, 0 left on base; Pulaski 0 - Great Falls 1
TOP OF THE 6TH
Pulaski Yankees batting - Pitching for Great Falls Voyagers : RHP Ryan Burson
Batting: LHB Chris Viehman 0-0: Called Strike
0-1: Ball
1-1: Ground out 4-3 (Groundball, 4S, EV 68.8 MPH)
Pitching: LHP James Reynolds
Batting: LHB Justin Short 0-0: Ball
1-0: Ground out U3 (Groundball, 3S, EV 86.2 MPH)
Batting: RHB Michael Patterson 0-0: Ball
1-0: Called Strike
1-1: Ground out 6-3 (Groundball, 6, EV 80.6 MPH)
Top of the 6th over - 0 runs, 0 hits, 0 errors, 0 left on base; Pulaski 0 - Great Falls 1
BOTTOM OF THE 6TH
Great Falls Voyagers batting - Pitching for Pulaski Yankees : LHP Alex Ramirez
Pitching: LHP Matt Cusatis
Batting: SHB Rob Haney 0-0: Swinging Strike
0-1: Ball
1-1: Ball
2-1: Ground out 4-3 (Groundball, 4, EV 96.2 MPH)
Batting: RHB Billy Grubbs 0-0: Ball
1-0: Called Strike
1-1: Ball
2-1: Ball
3-1: Base on Balls
Batting: RHB Mitch Cuadros 0-0: Ball
1-0: Ball
Billy Grubbs steals 2nd base
2-0: Swinging Strike
2-1: Ball
3-1: Foul Ball, location: 2F
3-2: Foul Ball, location: 2F
3-2: Fly out, F2 (Popup, 23F, EV 76.9 MPH)
Batting: RHB Francisco Marin 0-0: Called Strike
0-1: Ball
1-1: Foul Ball, location: 2F
1-2: Ball
2-2: Strikes out swinging
Bottom of the 6th over - 0 runs, 0 hits, 0 errors, 1 left on base; Pulaski 0 - Great Falls 1
TOP OF THE 7TH
Pulaski Yankees batting - Pitching for Great Falls Voyagers : LHP James Reynolds
Batting: RHB Yasuoka Tsuda 0-0: Ball
1-0: Foul Ball, location: 2F
1-1: Ball
2-1: Swinging Strike
2-2: Ball
3-2: Fly out, F6 (Popup, 6S, EV 85.0 MPH)
Batting: SHB Dylan Best 0-0: Ball
1-0: Ground out 6-3 (Groundball, 56, EV 85.0 MPH)
Batting: RHB Victor Garcia 0-0: Foul Ball, location: 2F
0-1: Ground out 6-3 (Groundball, 6, EV 101.9 MPH)
Top of the 7th over - 0 runs, 0 hits, 0 errors, 0 left on base; Pulaski 0 - Great Falls 1
BOTTOM OF THE 7TH
Great Falls Voyagers batting - Pitching for Pulaski Yankees : LHP Matt Cusatis
Batting: RHB David Laureano 0-0: Ball
1-0: Called Strike
1-1: Ball
2-1: Ground out 6-3 (Groundball, 6, EV 81.2 MPH)
Batting: LHB Jose Pereyra 0-0: Ball
1-0: Ground out 6-3 (Groundball, 6, EV 107.5 MPH)
Pitching: RHP Mauricio Zambrana
Batting: RHB David Cortez 0-0: Ball
1-0: Foul Ball, location: 2F
1-1: Called Strike
1-2: Foul Ball, location: 2F
1-2: SINGLE (Groundball, 34D, EV 111.2 MPH)
Batting: RHB Andy Cotton 0-0: Ball
1-0: Foul Ball, location: 2F
1-1: Ball
2-1: Ball
3-1: Called Strike
3-2: Fly out, F3 (Popup, 3SF, EV 85.6 MPH)
Bottom of the 7th over - 0 runs, 1 hit, 0 errors, 1 left on base; Pulaski 0 - Great Falls 1
TOP OF THE 8TH
Pulaski Yankees batting - Pitching for Great Falls Voyagers : LHP James Reynolds
Batting: RHB Mustafa bin Gamali 0-0: Ball
1-0: Ball
2-0: Ground out 6-3 (Groundball, 56S, EV 73.8 MPH)
Batting: RHB Edwin Sierra 0-0: Ball
1-0: Ball
2-0: Fly out, F5 (Line Drive, 5, EV 71.2 MPH)
Pinch Hitting: RHB Tchaa Kombate 0-0: Foul Ball, location: 2F
0-1: Hit by Pitch
Batting: LHB Chris Viehman 0-0: Called Strike
0-1: DOUBLE (Flyball, 89D, EV 112.5 MPH)
Tchaa Kombate to third
Batting: LHB Justin Short 0-0: Ball
1-0: Hit by Pitch
Pitching: LHP Yusufu Mustafa
Batting: RHB Michael Patterson 0-0: Foul Ball, location: 2F
0-1: Swinging Strike
0-2: Ball
1-2: Ball
2-2: Strikes out looking
Top of the 8th over - 0 runs, 1 hit, 0 errors, 3 left on base; Pulaski 0 - Great Falls 1
BOTTOM OF THE 8TH
Great Falls Voyagers batting - Pitching for Pulaski Yankees : RHP Mauricio Zambrana
Now in LF: Tchaa Kombate
Batting: RHB Enrique Gomez 0-0: SINGLE (Groundball, 6MS, EV 68.1 MPH) (infield hit)
Batting: SHB Rob Haney 0-0: Foul Ball, location: 2F
0-1: Ball
1-1: Ball
Enrique Gomez steals 2nd base (no throw)
2-1: Ball
3-1: 2-RUN HOME RUN (Flyball, 7D, EV 108.1 MPH), Distance : 405 ft
Batting: RHB Billy Grubbs 0-0: Ball
1-0: Foul Ball, location: 2F
1-1: Ground out 6-3 (Groundball, 6, EV 91.2 MPH)
Batting: RHB Mitch Cuadros 0-0: Called Strike
0-1: Ball
1-1: Ball
2-1: Called Strike
2-2: SINGLE (Groundball, 6MD, EV 98.1 MPH)
Batting: RHB Francisco Marin 0-0: Foul Ball, location: 2F
0-1: Foul Ball, location: 2F
0-2: Ground out 6-3 (Groundball, 6S, EV 68.8 MPH)
Mitch Cuadros to second
Batting: RHB David Laureano 0-0: Ground out 5-3 (Groundball, 56S, EV 67.5 MPH)
Bottom of the 8th over - 2 runs, 3 hits, 0 errors, 1 left on base; Pulaski 0 - Great Falls 3
TOP OF THE 9TH
Pulaski Yankees batting - Pitching for Great Falls Voyagers : LHP Yusufu Mustafa
Pitching: RHP Toyotoshi Matsui
Batting: RHB Yasuoka Tsuda 0-0: Called Strike
0-1: Ball
1-1: Swinging Strike
1-2: Strikes out swinging
Batting: SHB Dylan Best 0-0: Fly out, F8 (Line Drive, 8RM, EV 97.5 MPH)
Batting: RHB Victor Garcia 0-0: Ball
1-0: Ball
2-0: Ground out 4-3 (Groundball, 4, EV 105.0 MPH)
Top of the 9th over - 0 runs, 0 hits, 0 errors, 0 left on base; Pulaski 0 - Great Falls 3
Tuesday, March 28th , 2023 - OOTP Baseball 23.10 Build 110